 Dungeon Crawl Stone Soup version 0.30-a0-54-g2e61a25929 (webtiles) character file.

Game seed: 8942180037109646028

15954 Bikalo the Grappler (level 12, -7/118 HPs)
             Began as a Troll Transmuter on Sept 7, 2022.
             Was an Elder of Ashenzari.
             Mangled by a jumping spider (shapeshifter) (11 damage)
             ... on level 12 of the Dungeon.
             The game lasted 00:31:41 (11639 turns).

Bikalo the Grappler (Troll Transmuter)             Turns: 11639, Time: 00:31:41

Health: -7/118     AC: 10    Str: 21    XL:     12   Next: 5%
Magic:  14/14      EV:  6    Int: 11    God:    Ashenzari [****..]
Gold:   626        SH:  0    Dex: 12    Spells: 13/16 levels left

rFire   . . .      SeeInvis +      - Unarmed
rCold   . . .      Faith    .    I - +2 tower shield of the Ruined Comet {Self, Elem} (curse)
rNeg    . . .      Spirit   .    O - +0 troll leather armour of Star-Bound Wisdom {Regen+, Bglg, Cun} (curse)
rPois   +          Reflect  .    (helmet currently unavailable)
rElec   .          Harm     .    (no cloak)
rCorr   .          Rampage  .    (gloves unavailable)
Will    .....      Clarity  +    (boots unavailable)
Stlth   +.........               (no amulet)
HPRegen 1.89/turn                e - ring "I Foresaw This" {AC+4, Cun, Fort} (curse)
MPRegen 0.14/turn                x - ring "Shattered With Me" {rPois, Melee, Comp} (curse)

@: appendages (expiring), held
A: horns 2, talons 2, large, unfitting armour, claws 3, regeneration 1, shaggy
fur 1, tough skin 1
a: End Transformation, Renounce Religion, Curse Item, Shatter the Chains


You were on level 12 of the Dungeon.
You worshipped Ashenzari.
Ashenzari was greatly pleased with you.
You had temporarily grown beastly horns and talons.
You visited 1 branch of the dungeon, and saw 13 of its levels.

You collected 821 gold pieces.
You spent 195 gold pieces at shops.

Inventory:

Missiles
 M - a throwing net
Armour
 a - a +0 robe
 o - the cursed +0 hat "Bound Stickiness" (melded) {Self, Alch}
   (You found it on level 2 of the Dungeon)

   It has a curse which improves the following skills: Introspection: Fighting
   and Spellcasting.
   Alchemy:   Poison Magic and Transmutations.
 I - the cursed +2 tower shield of the Ruined Comet (worn) {Self, Elem}
   (You bought it in a shop on level 7 of the Dungeon)

   It has a curse which improves the following skills: Introspection: Fighting
   and Spellcasting.
   Elements:  Fire Magic, Ice Magic, Air Magic and Earth Magic.
 O - the cursed +0 troll leather armour of Star-Bound Wisdom (worn) {Regen+, Bglg, Cun}
   (You found it on level 9 of the Dungeon)

   Regen:     It increases your rate of health regeneration.
   It has a curse which improves the following skills: Beguiling: Conjurations,
   Hexes and Translocations.
   Cunning:   Dodging and Stealth.
Jewellery
 e - the cursed ring "I Foresaw This" (left claw) {AC+4, Cun, Fort}
   (You found it on level 1 of the Dungeon)

   [ring of protection]

   AC:        It affects your AC (+4).
   It has a curse which improves the following skills: Cunning: Dodging and
   Stealth.
   Fortitude: Armour and Shields.
 j - a ring of ice
 q - an amulet of faith
 x - the cursed ring "Shattered With Me" (right claw) {rPois, Melee, Comp}
   (You found it on level 4 of the Dungeon)

   [ring of poison resistance]

   rPois:     It protects you from poison.
   It has a curse which improves the following skills: Melee Combat: Short
   Blades, Long Blades, Axes, Maces & Flails, Polearms, Staves and Unarmed
   Combat.
   Companions: Summonings and Necromancy.
 D - a ring of fire
 F - a ring of see invisible
 J - a +4 ring of evasion
 V - a +6 ring of strength
 W - a ring of protection from cold
 X - a +4 ring of evasion
Wands
 l - a wand of flame (31)
 z - a wand of charming (3)
 A - a wand of polymorph (9)
 N - a wand of digging (4)
 P - a wand of roots (8)
 S - a wand of mindburst (3)
Scrolls
 f - 3 scrolls of amnesia
 g - 9 scrolls of identify
 i - 6 scrolls of teleportation
 m - a scroll of magic mapping
 n - 2 scrolls of silence
 p - a scroll of blinking
 r - 2 scrolls of enchant weapon
 v - a scroll of fog
 y - a scroll of noise
 C - 2 scrolls of vulnerability
 G - 2 scrolls of summoning
 H - 4 scrolls of enchant armour
 Q - 2 scrolls of fear
 R - a scroll of acquirement
 T - a scroll of brand weapon
 Y - a scroll of poison
Potions
 b - 2 potions of lignification
 c - 3 potions of haste
 d - 8 potions of curing
 h - 3 potions of degeneration
 k - 2 potions of heal wounds
 s - a potion of invisibility
 t - 4 potions of brilliance
 u - a potion of flight
 w - 2 potions of magic
 B - a potion of mutation
 E - 4 potions of attraction
 K - a potion of resistance
 L - a potion of berserk rage
 U - a potion of might


   Skills:
 + Level 5.5(7.4) Fighting
 + Level 7.8(10.8) Dodging
 + Level 6.3(8.3) Shields
 + Level 12.5(14.4) Unarmed Combat
 - Level 1.2(2.5) Spellcasting
 - Level 6.6 Transmutations


You had 13 spell levels left.
You knew the following spells:

 Your Spells              Type           Power      Damage    Failure   Level
a - Beastly Appendage     Tmut           32%        N/A       10%         1
b - Wereblood             Tmut           16%        N/A       16%         2

Your spell library contained the following spells:

 Spells                   Type           Power      Damage    Failure   Level
 Passwall                 Tmut/Erth      6%         N/A       50%         2
 Spider Form              Tmut/Pois      8%         N/A       75%         3
 Apportation              Tloc           2%         N/A       80%         1
 Magic Dart               Conj           4%         1d3       80%         1
 Necrotise                Necr           4%         1d4       80%         1
 Sandblast                Erth           2%         2d4       80%         1
 Summon Small Mammal      Summ           4%         N/A       80%         1
 Blade Hands              Tmut           8%         N/A       95%         5
 Ice Form                 Ice/Tmut       9%         N/A       98%         4
 Dazzling Flash           Conj/Hex       2%         N/A       99%         3
 Portal Projectile        Hex/Tloc       2%         N/A       99%         3
 Stone Arrow              Conj/Erth      2%         3d7       99%         3
 Tukima's Dance           Hex            1%         N/A       99%         3
 Vampiric Draining        Necr           1%         2d6       99%         3
 Iskenderun's Mystic Bla  Conj/Tloc      1%         2d3       100%        4
 Agony                    Necr           1%         N/A       100%        5
 Freezing Cloud           Conj/Ice/Air   0%         6-21      100%        5
 Dispersal                Tloc           0%         N/A       100%        6
 Simulacrum               Ice/Necr       0%         N/A       100%        6
 Starburst                Conj/Fire      0%         6d3       100%        6
 Disjunction              Tloc           0%         N/A       100%        8
 Polar Vortex             Ice            0%         N/A       100%        9


Dungeon Overview and Level Annotations

Branches:
Dungeon (13/15)            Temple (0/1) D:6            Lair (0/5) D:11
    Orc (0/2) D:11
 Vaults: D:13-14

Altars:
Ashenzari
Dithmenos
Elyvilon
Kikubaaqudgha
Qazlal
Sif Muna
Vehumet
Wu Jian
Xom
The Shining One

Shops:
D:7 [   D:8 =


Innate Abilities, Weirdness & Mutations

You have temporarily grown beastly horns and talons.
You are too large for most types of armour.
You have claws for hands.
Your natural rate of healing is unusually fast.
You are covered in fur. (AC +1)
You have tough skin. (AC +1)


Message History

Your headbutt misses the jumping spider.
The jumping spider pounces on you.
* * * LOW HITPOINT WARNING * * *
You block the jumping spider's attack.
You claw the jumping spider! You claw the jumping spider.
Your headbutt misses the jumping spider.
The jumping spider is moderately wounded.
The jumping spider pounces on you but does no damage.
The jumping spider closely misses you.
Casting: Beastly Appendage (safe; 10% risk of failure)
Confirm with . or Enter, or press ? or * to list all spells.
You extend your transformation's duration.
The jumping spider barely misses you. You block the jumping spider's attack.
The jumping spider pounces on you.
* * * LOW HITPOINT WARNING * * *
You are caught in a web!
The jumping spider bites you but does no damage.
The jumping spider pounces on you!
* * * LOW HITPOINT WARNING * * *
The jumping spider misses you.
You claw the jumping spider! You claw the jumping spider.
The jumping spider is almost dead.
You block the jumping spider's attack. The jumping spider bites you.
* * * LOW HITPOINT WARNING * * *
The jumping spider leaps!
The jumping spider leaps!
Your transformation is almost over.
You block the jumping spider's attack. x2; The jumping spider pounces on you!
* * * LOW HITPOINT WARNING * * *
You are caught in a web!
The jumping spider bites you but does no damage.
There is a web, spattered with blood here.
The web tears apart.
The jumping spider pounces on you!
* * * LOW HITPOINT WARNING * * *
The jumping spider closely misses you.
You feel much better. The jumping spider pounces on you!
* * * LOW HITPOINT WARNING * * *
You are caught in a web!
The jumping spider closely misses you. The jumping spider pounces on you!
You die...

## ##..###<###..###
##..###.###..###
##..###.#..[..## #
###..###.#.#...## ##
########..##........##
## #..........#..#.##..#
## #.######...#..#.....#
## #.# ####>..#..####.##
## #.###...@s...#.###.##
## #.###....^..###.##.##
## #.###.###....#.....##
##
##.###.####.#..#######
## ##.###.####.#.......#
##
##.###.####.#.#####.###
##
##..........#.#####.####
######
###....####.?.........##
######
###.##.######...###.#.##


You could see a jumping spider.

Vanquished Creatures
  2 two-headed ogres
  A boulder beetle (D:12)
  Pikel (D:6)
  A cyclops (D:10)
  2 manticores
  3 gargoyles
  An unseen horror (D:10)
  Psyche (D:11)
  A kobold demonologist (D:12)
  A tengu conjurer (D:12)
  2 trolls
  Grinder (D:4)
  2 vampires
  2 wraiths
  16 yaks
  2 basilisks (D:11)
  3 wyverns
  Grum (D:8)
  2 acid dragons
  Duvessa (D:4)
  11 orc warriors
  2 sky beasts
  2 black bears
  3 ice beasts
  3 ogres
  4 wolves
  2 centaurs
  A lemure (D:6)
  2 kobold brigands
  Blork the orc (D:4)
  2 bullfrogs
  A necrophage (D:6)
  3 scorpions
  A gnoll sergeant (D:7)
  18 wights
  A hornet simulacrum (D:6)
  Dowan (D:4)
  6 killer bees
  3 howler monkeys
  5 jellies
  12 orc priests
  3 hounds
  2 gnoll boudas
  3 iguanas
  16 orc wizards
  Natasha (thrice) (D:3)
  A centaur simulacrum (D:6)
  A bullfrog simulacrum (D:6)
  13 gnolls
  11 adders
  A shadow imp (D:6)
  3 white imps
  An ufetubus (D:4)
  A worm (D:2)
  The ghost of fly the Sneak, a weakling DgDe (D:6)
  2 dart slugs (D:4)
  72 orcs
  8 ball pythons
  7 endoplasms
  4 giant cockroaches
  13 goblins
  8 hobgoblins
  8 jackals
  6 quokkas
  3 bats
  3 frilled lizards (D:1)
  13 kobolds
  4 rats
341 creatures vanquished.

Notes
Turn   | Place    | Note
-------+----------+-------------------------------------------
     0 | D:1      | Bikalo the Troll Transmuter began the quest for the Orb.
     0 | D:1      | Reached XP level 1. HP: 18/18 MP: 1/1
    71 | D:1      | Reached XP level 2. HP: 13/26 MP: 0/2
    83 | D:1      | Learned a level 2 spell: Wereblood
   284 | D:1      | Found a faded altar of an unknown god.
   333 | D:1      | Reached XP level 3. HP: 30/32 MP: 3/3
   551 | D:2      | Reached skill level 4 in Unarmed Combat
   685 | D:2      | Reached XP level 4. HP: 40/40 MP: 4/4
  1493 | D:3      | Found a stormy altar of Qazlal.
  1494 | D:3      | Found a glowing golden altar of the Shining One.
  1554 | D:3      | Reached skill level 5 in Unarmed Combat
  1735 | D:3      | Reached XP level 5. HP: 46/46 MP: 5/5
  1743 | D:3      | Found a broken altar of Ashenzari.
  1762 | D:3      | Noticed Natasha
  1766 | D:3      | Killed Natasha
  1810 | D:3      | Noticed Natasha
  1836 | D:3      | Killed Natasha
  2012 | D:3      | Noticed Natasha
  2016 | D:3      | Killed Natasha
  2523 | D:3      | Became a worshipper of Ashenzari the Shackled
  2615 | D:4      | Noticed Grinder
  2623 | D:4      | Paralysed by Grinder for 5 turns
  2639 | D:4      | Killed Grinder
  2640 | D:4      | Reached skill level 6 in Unarmed Combat
  2640 | D:4      | Reached XP level 6. HP: 52/54 MP: 6/6
  2684 | D:4      | Found a shadowy altar of Dithmenos.
  2729 | D:4      | Found a radiant altar of Vehumet.
  2738 | D:4      | Found an ancient bone altar of Kikubaaqudgha.
  2794 | D:4      | Found a shimmering blue altar of Sif Muna.
  2802 | D:4      | Reached XP level 7. HP: 61/61 MP: 7/7
  2928 | D:4      | Noticed Blork the orc
  2937 | D:4      | Killed Blork the orc
  3094 | D:4      | Reached skill level 7 in Unarmed Combat
  3293 | D:5      | Entered Level 5 of the Dungeon
  3293 | D:5      | Noticed Duvessa
  3293 | D:5      | Noticed Dowan
  3377 | D:4      | Identified the cursed ring "I Foresaw This" {AC+4, Cun,
                  | Fort} (You found it on level 1 of the Dungeon)
  3629 | D:4      | Killed Dowan
  3640 | D:4      | Killed Duvessa
  3641 | D:4      | Reached skill level 8 in Unarmed Combat
  3758 | D:5      | Reached XP level 8. HP: 57/68 MP: 5/8
  3952 | D:5      | Identified the +1 leather armour of Action {rElec}
  3973 | D:5      | Reached skill level 9 in Unarmed Combat
  4231 | D:5      | Found a shimmering altar of Xom.
  4232 | D:5      | Found a shimmering altar of Xom.
  4233 | D:5      | Found a shimmering altar of Xom.
  4239 | D:5      | Found a shimmering altar of Xom.
  4240 | D:5      | Found a shimmering altar of Xom.
  4649 | D:6      | Found a staircase to the Ecumenical Temple.
  4701 | D:6      | Found a runed translucent gate.
  4703 | D:6      | Found a runed translucent gate.
  4704 | D:6      | Found a runed translucent gate.
  4760 | D:6      | Noticed fly's ghost (weakling DgDe)
  4819 | D:6      | Reached skill level 5 in Transmutations
  4826 | D:6      | Found an ornate altar of the Wu Jian Council.
  5077 | D:6      | Noticed Pikel
  5091 | D:6      | Killed Pikel
  5092 | D:6      | Reached skill level 10 in Unarmed Combat
  5092 | D:6      | Reached XP level 9. HP: 57/75 MP: 6/9
  5404 | D:6      | Killed fly's ghost
  5486 | D:6      | Got An Introduction to the Arcane Arts
  5630 | D:7      | Identified the +0 helmet of Noxious Birdsong {*Corrode
                  | Int-3 Slay+4 Stlth+}
  5703 | D:7      | Reached * piety under Ashenzari
  5777 | D:7      | Found Efe Fyo's Antique Armour Emporium.
  5785 | D:7      | Bought a runed tower shield for 195 gold pieces
  5893 | D:7      | Found a white marble altar of Elyvilon.
  5903 | D:7      | Reached skill level 5 in Dodging
  5957 | D:7      | Reached skill level 1 in Shields
  6520 | D:8      | Noticed Grum
  6724 | D:8      | Found Qeaqaud's Jewellery Shop.
  6739 | D:8      | Reached ** piety under Ashenzari
  6781 | D:7      | Reached skill level 1 in Fighting
  7039 | D:8      | Killed Grum
  7042 | D:8      | Reached XP level 10. HP: 49/88 MP: 12/12
  7621 | D:8      | Reached skill level 11 in Unarmed Combat
  8843 | D:10     | Entered Level 10 of the Dungeon
  8870 | D:10     | Reached *** piety under Ashenzari
  8912 | D:10     | Reached XP level 11. HP: 102/102 MP: 11/13
  8944 | D:10     | Noticed a two-headed ogre
  8951 | D:10     | Killed a two-headed ogre
  9401 | D:10     | Reached skill level 5 in Shields
  9482 | D:10     | Reached **** piety under Ashenzari
  9605 | D:10     | Identified the cursed +0 hat "Bound Stickiness" {Self,
                  | Alch} (You found it on level 2 of the Dungeon)
 10299 | D:11     | Reached skill level 12 in Unarmed Combat
 10373 | D:11     | Identified a scroll of acquirement
 10491 | D:11     | Found a staircase to the Lair.
 10494 | D:11     | Noticed Psyche
 10504 | D:11     | Killed Psyche
 10742 | D:11     | Found a staircase to the Orcish Mines.
 11086 | D:12     | Noticed a boulder beetle
 11099 | D:12     | Killed a boulder beetle
 11100 | D:12     | Reached skill level 5 in Fighting
 11278 | D:12     | Noticed a soul eater
 11290 | D:12     | Noticed a two-headed ogre
 11311 | D:12     | Killed a two-headed ogre
 11312 | D:12     | Reached XP level 12. HP: 122/122 MP: 15/15
 11577 | D:13     | Noticed a yaktaur captain
 11626 | D:13     | HP: 4/118 [cyclops/large rock (29)]
 11638 | D:12     | HP: 4/118 [jumping spider (shapeshifter) (13)]
 11639 | D:12     | Mangled by a jumping spider (shapeshifter)

Illustrated notes

Levels and vault maps discovered:
D:1:      dpeg_arrival_signposts, layout_rooms,
          shapermc_ecumenical_altar_acropolis
D:2:      layout_basic, hangedman_feature_mirror
D:3:      layout_basic, ashenzari_conservatory_becter,
          gammafunk_temple_overflow_pools, uniq_natasha
D:4:      layout_gridville, palyth_temple_overflow_mages, kennysheep_mini_moat,
          serial_glass, glass_columns_a, glass_columns_a, uniq_grinder,
          uniq_blork_the_orc
D:5:      layout_cave_pods, xom_redecorated, uniq_duvessa
D:6:      layout_basic, nicolae_wu_jian_glorious_leap,
          minmay_temple_entry_proselytizer, gammafunk_ghost_icy, uniq_pikel
D:7:      layout_basic, kennysheep_little_box, serial_shops,
          nicolae_shop_statue_plus, hex_medium
D:8:      layout_cave_pools, serial_shops, shop_fountains, kennysheep_doodads,
          uniq_grum
D:9:      layout_basic
D:10:     layout_layer_cave, chequers_serial_rivers_small_b, glass_columns_b
D:11:     layout_irregular_city, david_lair_generic, david_orc_4,
          minmay_orc_keep, uniq_psyche
D:12:     layout_loops_ring, corner_web_ring
D:13:     layout_roguey, david_vaults_2

Skill      XL: |  1  2  3  4  5  6  7  8  9 10 11 |
---------------+----------------------------------+-----
Transmutations | 2 3 4 5 6 |  6.6
Unarmed Combat | 4 5 6 8 10 11 12 | 12.5
Dodging        | 4 5 6 7 |  7.8
Shields        | 2 4 6 |  6.3
Fighting       | 1 3 5 |  5.5
Spellcasting   | |  1.2

Action                   |  1- 3 |  4- 6 |  7- 9 | 10-12 || total
-------------------------+-------+-------+-------+-------++-------
Melee: Unarmed           |   103 |   143 |   304 |   442 ||   992
       Headbutt          |       |     4 |    31 |    53 ||    88
       Punch             |       |     2 |    12 |       ||    14
       Kick              |       |     6 |    46 |    85 ||   137
 Cast: Beastly Appendage |     1 |     8 |    33 |    36 ||    78
       Wereblood         |       |     1 |     6 |     5 ||    12
Invok: Curse Item        |       |       |     3 |     2 ||     5
  Use: Potion            |       |       |     3 |     4 ||     7
       Scroll            |       |       |       |     1 ||     1
Armor: Robe              |    53 |    67 |   102 |    41 ||   263
       Skin              |       |       |    10 |       ||    10
       Troll leather arm |       |       |       |   102 ||   102
Dodge: Dodged            |    51 |    52 |   135 |   149 ||   387
Block: Tower shield      |       |       |   122 |   368 ||   490

Table legend: (Time is in decaauts)
 A = Elapsed time spent in this place.
 B = Non-inter-level travel time spent in this place.
 C = Inter-level travel time spent in this place.
 D = Time resting spent in this place.
 E = Time spent auto-exploring this place.
 F = Levels seen in this place.
 G = Mean time per level.
                   A        B        C        D        E       F      G
               +--------+--------+--------+--------+--------+-----+--------+
         Total |  11587 |  10117 |   1470 |    635 |   7452 |  13 |  891.3 |
       Dungeon |  11587 |  10117 |   1470 |    635 |   7452 |  13 |  891.3 |
               +--------+--------+--------+--------+--------+-----+--------+

Top non-repeatable levels by time:
     D:7: 1870 daAuts
     D:3: 1315 daAuts
    D:10: 1282 daAuts
     D:6: 1052 daAuts
     D:4: 1031 daAuts
     D:5: 891 daAuts
    D:11: 852 daAuts
     D:9: 706 daAuts
     D:8: 700 daAuts
     D:2: 678 daAuts
    D:12: 654 daAuts
     D:1: 532 daAuts
    D:13: 18 daAuts
